Map: Neon Violet Square LE

Players

HeroMarine

  • Race: Terran Terran
  • League: Master
  • Spawn Location: 5:00

Namshar - Winner!

  • Race: Zerg Zerg
  • League: Grandmaster
  • Spawn Location: 11:00

Event: HomeStory Cup XVI

VOD

Have the link to the VOD?

Description

Time

  • Played on: Nov. 10, 2017, 1:03 p.m.
  • Length: 15:39

All games in this series

Show
View Real Time Build Order
Export as new Build Order

HeroMarine Terran 

Build Orders: Reaper Expand, MMM Bio 

Get SALT Encoding   

  12  0:00  SCV  
  13  0:13  SCV  
  14  0:18  Supply Depot  
  14  0:25  SCV  
  15  0:39  SCV  
  15  0:41  Barracks  
  16  0:44  Refinery  
  16  0:51  SCV  
  17  1:03  SCV  
  18  1:16  SCV  
  19  1:28  Reaper, Orbital Command  
  20  1:41  Command Center  
  20  1:51  Supply Depot  
  21  1:54  SCV  
  21  2:00  Marine  
  22  2:06  SCV  
  23  2:10  Factory  
  23  2:18  SCV  
  23  2:21  Barracks Reactor  
  24  2:30  SCV  
  25  2:42  SCV  
  26  2:45  Command Center  
  26  2:54  SCV  
  26  2:58  Orbital Command  
  27  3:03  Hellion  
  27  3:04  Hellion  
  31  3:06  Barracks Tech Lab  
  31  3:09  SCV  
  32  3:21  SCV  
  32  3:23  SCV  
  32  3:25  Stimpack, Marine  
  35  3:34  Barracks  
  35  3:35  Barracks, Factory Reactor  
  35  3:40  SCV  
  35  3:41  SCV  
  37  3:43  Marine  
  38  3:50  Refinery x2  
  38  3:53  SCV x2  
  40  3:59  Orbital Command  
  40  4:00  Marine  
  41  4:05  SCV x2  
  43  4:13  Engineering Bay  
  43  4:15  Engineering Bay  
  43  4:17  SCV x2  
  43  4:19  Marine  
  46  4:26  SCV  
  46  4:27  Starport, Factory Reactor  
  46  4:29  SCV  
  46  4:30  SCV  
  49  4:33  Marine x3  
  49  4:35  Marine  
  49  4:37  Marine  
  54  4:40  Supply Depot  
  54  4:44  Supply Depot  
  54  4:45  SCV  
  54  4:46  SCV  
  54  4:49  SCV  
  54  4:52  Terran Infantry Weapons Level 1  
  57  4:55  Terran Infantry Armor Level 1  
  57  4:56  Orbital Command  
  57  4:58  SCV  
  57  4:59  SCV, Marine  
  59  5:07  Marine x2  
  59  5:10  SCV, Marine x2  
  59  5:11  SCV  
  65  5:22  Supply Depot x2, SCV  
  65  5:23  SCV x2  
  65  5:24  Medivac x2  
  65  5:26  Combat Shields  
  72  5:34  SCV  
  72  5:35  SCV x2  
  75  5:36  Marine x2  
  77  5:43  Marine x3  
  77  5:46  SCV  
  77  5:47  SCV x2  
  83  5:51  Factory Tech Lab  
  83  5:52  Barracks x2  
  83  5:56  Refinery  
  83  5:57  Refinery  
  83  5:59  SCV x3  
  83  6:04  Marine x5  
  91  6:11  SCV x2  
  91  6:14  Supply Depot x2  
  91  6:16  SCV  
  94  6:21  Armory  
  94  6:23  SCV x2  
  96  6:26  Marine  
  96  6:27  Marine x2  
  96  6:28  SCV  
  100  6:35  SCV  
  100  6:36  SCV  
  100  6:37  Marine x2  
  104  6:44  Medivac, Barracks Reactor x2, Marine  
  104  6:45  Medivac  
  104  6:46  SCV  
  106  6:48  SCV x2  
  106  6:49  Supply Depot x2, Marine x2  
  110  6:54  Marine  
  110  6:59  Marine  
  110  7:00  Supply Depot  
  112  7:01  Supply Depot  
  112  7:02  Marine, Siege Tank  
  112  7:06  Marine  
  117  7:10  Marine  
  117  7:12  Marine  
  117  7:14  Terran Infantry Weapons Level 2, Terran Infantry Armor Level 2  
  106  7:16  Terran Vehicle Weapons Level 1  
  106  7:17  Medivac x2, Marauder  
  106  7:20  Marine x3  
  115  7:23  Marine x2  
  115  7:24  Marine  
  115  7:28  Marine  
  119  7:30  Marine  
  119  7:35  Barracks  
  119  7:36  Barracks  
  123  7:37  Siege Tank  
  123  7:38  Barracks  
  123  7:39  Marine x2  
  123  7:40  Marine x2  
  123  7:42  Marine x2  
  123  7:44  Marine  
  130  7:47  Marine  
  130  7:48  Marine  
  132  7:57  Marine x2  
  132  7:58  Medivac x2, Marauder, Marine  
  141  8:00  Marine x2  
  141  8:05  Marine x2  
  143  8:06  Marine  
  127  8:15  Marine x3  
  127  8:16  Supply Depot  
  127  8:18  Marine x2  
  134  8:20  Marauder  
  134  8:22  Supply Depot, Barracks Tech Lab, Siege Tank  
  134  8:23  Marine, Barracks Tech Lab  
  138  8:30  Barracks Tech Lab  
  138  8:31  Marine x2  
  138  8:32  Marine  
  138  8:33  Liberator x2, Marine  
  138  8:34  Marine  
  142  8:36  Sensor Tower, Marine  
  142  8:41  Marauder, Concussive Shells  
  146  8:42  Marauder x2  
  146  8:47  Marine x2  
  152  8:50  Marine  
  152  8:51  Marine x3  
  152  8:52  Marauder  
  164  8:58  Supply Depot  
  166  9:03  Marauder x3  
  166  9:09  Supply Depot  
  170  9:10  Supply Depot  
  170  9:13  Marine  
  170  9:14  Marauder  
  173  9:18  Liberator x2  
  173  9:19  Marine x3  
  178  9:24  Marauder x2  
  182  9:31  Marauder  
  182  9:34  Marine x3  
  182  9:35  Marauder, Marine  
  194  9:39  Supply Depot, Marine  
  194  9:40  Marine x2  
  194  9:44  Command Center  
  197  10:00  Marine x6  
  197  10:01  Marauder x3, Marine x3  
  197  10:03  Liberator x2  
  124  10:17  Marine x2  
  124  10:18  Marauder, Marine x3  
  124  10:19  Marine x3  
  124  10:20  Siege Tank  
  124  10:21  Terran Infantry Weapons Level 3  
  139  10:22  Marauder  
  139  10:23  Marauder x2  
  143  10:35  Marine  
  143  10:37  Marine x2  
  143  10:38  Marine x3  
  143  10:39  Marauder  
  143  10:40  Marine  
  143  10:42  Marine  
  153  10:43  Marauder  
  153  10:44  Marauder x2  
  153  10:49  Terran Infantry Armor Level 3  
  159  10:50  Liberator  
  159  10:53  Marine  
  159  10:55  Marine  
  161  11:01  Marauder  
  163  11:05  Marauder x2  
  163  11:06  Marauder  
  172  11:12  Refinery  
  172  11:15  Marine  
  172  11:16  Marine  
  174  11:22  Marauder, Terran Ship Weapons Level 1  
  176  11:26  Marauder  
  176  11:27  Marauder x2  
  176  11:29  Marine x2  
  184  11:33  Planetary Fortress  
  184  11:38  Marine x2  
  186  11:44  Marauder  
  188  11:48  Marauder x3  
  191  11:54  Marine x2  
  191  11:58  Marine  
  191  11:59  Marine x3  
  199  12:01  Medivac  
  199  12:02  Medivac  
  199  12:05  Marauder  
  199  12:07  Marine x2  
  190  12:09  Marauder x2  
  190  12:10  Marauder  
  195  12:25  Missile Turret  
  195  12:26  Marauder  
  195  12:28  Missile Turret, Marine  
  195  12:29  Missile Turret, Marine x2  
  184  12:30  Marauder, Marine x2  
  184  12:31  Marauder x2  
  184  12:33  Missile Turret  
  158  12:39  Marine  
  158  12:42  Marine  
  120  12:47  Marine  
  120  12:48  Marauder  
  111  12:52  Marauder x2  
  111  12:53  Marauder  
  111  12:55  Marine x2  
  111  12:56  Marine  
  111  12:58  Marine x3  
  115  13:00  Medivac x2, Missile Turret  
  115  13:01  Factory Reactor  
  115  13:04  Command Center  
  122  13:09  Marauder  
  122  13:10  Marine  
  122  13:11  Marine  
  126  13:13  Marauder  
  126  13:14  Marauder x2, Marine x3  
  126  13:15  Sensor Tower  
  126  13:16  Marine  
  136  13:26  Marine  
  136  13:27  Marine  
  136  13:29  Missile Turret  
  136  13:30  Missile Turret  
  136  13:31  Marauder  
  125  13:34  Marauder  
  125  13:35  Marauder x2  
  107  13:41  Marine  
  107  13:44  Marine x3  
  107  13:47  Marine  
  107  13:48  Marine x2  
  100  13:50  Marine  
  100  13:52  Marauder  
  100  13:54  Medivac x2, Widow Mine x2  
  111  13:56  Marauder x2  
  111  13:57  Marauder  
  111  13:58  Command Center  
  111  13:59  Marine  
  111  14:00  Orbital Command  
  111  14:02  Marine x3  
  121  14:13  Marauder  
  123  14:17  Sensor Tower, Marauder  
  123  14:18  Marauder x2  
  123  14:19  Starport x2  
  129  14:24  Medivac x2  
  129  14:25  Marine x3  
  129  14:26  Marine x5  
  129  14:28  Refinery  
  129  14:29  Refinery  
  141  14:35  Marauder  
  141  14:38  Liberator x2  
  141  14:39  Marauder x2, Marine  
  141  14:42  Widow Mine x2, Marine  
  141  14:43  Marine x2  
  141  14:44  Marine x2  
  154  14:52  Marine x2  
  156  14:56  Marauder  
  156  14:57  Marauder  
  156  14:58  Medivac  
  168  15:00  Marauder, Refinery, Marine  
  168  15:01  Marauder, Refinery  
  168  15:03  Medivac  
  171  15:17  Marauder  
  171  15:20  Marine  
Show
View Real Time Build Order
Export as new Build Order

Namshar Zerg - Winner!

Build Orders: Hatch First 

Get SALT Encoding   

  12  0:01  Drone  
  13  0:13  Overlord  
  13  0:17  Drone  
  14  0:31  Drone x2  
  14  0:35  Drone  
  17  0:52  Hatchery  
  17  0:56  Drone  
  17  0:59  Drone  
  18  1:10  Extractor  
  17  1:14  Spawning Pool  
  17  1:17  Drone  
  17  1:20  Drone  
  18  1:28  Drone  
  19  1:39  Overlord  
  19  1:50  Drone  
  20  2:00  Queen  
  20  2:01  Zergling x2  
  23  2:04  Queen, Zergling x2  
  26  2:09  Metabolic Boost  
  26  2:11  Drone  
  26  2:15  Drone  
  28  2:23  Drone  
  28  2:25  Drone  
  30  2:35  Overlord  
  30  2:36  Queen  
  32  2:38  Drone  
  32  2:43  Drone  
  34  2:47  Pneumatized Carapace  
  34  2:52  Drone  
  34  2:55  Overlord  
  35  2:58  Drone  
  35  3:05  Drone  
  37  3:11  Hatchery  
  36  3:15  Drone  
  36  3:17  Drone x2  
  36  3:19  Drone  
  40  3:23  Drone  
  40  3:24  Drone  
  42  3:27  Drone  
  42  3:29  Overlord  
  42  3:33  Drone  
  44  3:40  Zergling x2  
  45  3:45  Zergling x6  
  47  3:49  Queen  
  49  3:55  Overlord  
  49  3:56  Drone  
  49  3:57  Drone x3  
  53  4:09  Overlord, Drone  
  54  4:11  Lair  
  54  4:22  Queen  
  56  4:24  Drone  
  56  4:25  Drone x6  
  63  4:36  Baneling Nest  
  62  4:39  Evolution Chamber  
  62  4:41  Evolution Chamber, Drone x3  
  62  4:45  Drone  
  64  4:51  Overlord  
  64  4:52  Drone, Hatchery  
  65  4:53  Drone x3  
  65  4:55  Extractor, Drone x2  
  65  4:56  Extractor  
  67  5:02  Drone x6  
  73  5:12  Drone x2  
  73  5:13  Extractor  
  73  5:14  Extractor, Drone  
  74  5:19  Overlord, Centrifical Hooks  
  74  5:20  Drone  
  75  5:21  Drone x2  
  77  5:31  Zerg Melee Weapons Level 1  
  77  5:32  Drone x4  
  81  5:37  Extractor  
  81  5:40  Drone  
  81  5:41  Drone x2  
  81  5:42  Overlord  
  83  5:44  Zergling x4  
  83  5:45  Zergling x2  
  83  5:46  Overlord  
  86  5:50  Zergling x4  
  86  5:56  Overlord x2  
  88  5:59  Zerg Ground Armor Level 1, Hatchery  
  88  6:03  Baneling x8  
  87  6:14  Drone x2  
  87  6:15  Drone x8  
  97  6:20  Infestation Pit  
  97  6:21  Overseer  
  97  6:23  Zergling x10  
  101  6:26  Queen  
  101  6:30  Zergling x2  
  101  6:31  Zergling x8  
  107  6:36  Zergling x4  
  109  6:43  Baneling  
  106  6:47  Drone  
  106  6:48  Drone x2  
  106  6:49  Extractor  
  108  6:55  Zergling x2  
  108  6:56  Zergling x12  
  114  7:03  Hive  
  110  7:11  Queen x2  
  110  7:15  Overlord x2  
  113  7:16  Zergling x2  
  113  7:17  Zergling x24  
  113  7:19  Baneling x7  
  126  7:23  Zergling x2  
  126  7:24  Zergling x12  
  126  7:29  Zerg Melee Weapons Level 2  
  133  7:40  Zergling x12  
  133  7:41  Zergling x4  
  141  7:44  Baneling x2  
  141  7:45  Baneling x2  
  141  7:48  Baneling x5  
  141  7:50  Zergling x20  
  141  7:51  Hatchery  
  150  7:57  Overlord x2  
  150  7:58  Overlord x2  
  149  8:04  Zerg Ground Armor Level 2  
  142  8:12  Drone x2  
  132  8:13  Queen, Drone x2  
  136  8:25  Drone  
  136  8:26  Adrenal Glands  
  137  8:28  Ultralisk Cavern, Baneling  
  137  8:29  Baneling x5  
  136  8:34  Burrow, Pathogen Glands  
  136  8:35  Zergling x4  
  136  8:36  Zergling x12  
  144  8:49  Overlord  
  144  8:53  Drone  
  144  8:54  Drone x2  
  147  8:56  Baneling x2  
  147  8:57  Infestor x3  
  147  8:59  Infestor  
  147  9:00  Spire, Drone  
  147  9:01  Zergling x6  
  147  9:02  Zergling x10  
  163  9:11  Baneling x9  
  163  9:12  Overlord  
  163  9:14  Chitinous Plating  
  163  9:17  Zergling x16  
  164  9:21  Baneling x7  
  164  9:22  Baneling x2  
  171  9:25  Zergling x2  
  171  9:26  Zergling x8  
  175  9:34  Ultralisk  
  175  9:36  Zergling x10  
  186  9:44  Ultralisk, Drone x2, Zergling x2  
  195  9:47  Baneling  
  195  9:48  Baneling x2  
  194  9:55  Zergling x16  
  155  10:09  Ultralisk, Zergling x2  
  155  10:10  Zergling x14  
  152  10:17  Zerg Flyer Weapons Level 1  
  149  10:24  Infestor x2  
  150  10:40  Drone x2  
  150  10:41  Extractor  
  152  10:42  Drone  
  152  10:43  Drone x2  
  152  10:46  Extractor  
  152  10:47  Drone x3  
  152  10:48  Drone x2  
  170  10:50  Ultralisk x2  
  170  10:55  Corruptor x3  
  176  11:02  Corruptor  
  179  11:04  Zergling x16  
  179  11:10  Corruptor  
  179  11:11  Corruptor  
  190  11:24  Hatchery  
  188  11:26  Corruptor  
  188  11:27  Corruptor x2  
  194  11:38  Corruptor x2  
  183  12:04  Corruptor x2  
  183  12:07  Ultralisk  
  183  12:08  Zergling x16  
  199  12:12  Zerg Melee Weapons Level 3, Zerg Ground Armor Level 3  
  197  12:18  Baneling  
  197  12:19  Baneling x8  
  197  12:22  Baneling x3  
  197  12:23  Zergling x4  
  168  12:39  Ultralisk x2, Zergling x24  
  176  12:45  Zergling x2  
  176  12:46  Zergling x38  
  187  12:56  Ultralisk, Zergling x12  
  190  13:06  Baneling x9  
  190  13:07  Baneling x3  
  190  13:13  Baneling x3  
  190  13:15  Overlord x2  
  190  13:16  Overlord  
  190  13:20  Baneling x11  
  174  13:39  Ultralisk x2, Zergling x22  
  161  13:54  Infestor x3  
  163  14:03  Drone x3  
  163  14:08  Baneling  
  163  14:09  Baneling x6, Infestor  
  168  14:10  Corruptor x2  
  172  14:17  Corruptor x2  
  172  14:20  Drone x3  
  172  14:21  Extractor, Drone  
  177  14:28  Corruptor  
  177  14:31  Zergling x38  
  185  14:32  Zergling x2  
  185  14:33  Hatchery  
  198  14:42  Corruptor  
  200  14:53  Overlord  
Tags
 
Add a new tag
Caveats
  • Supply blocks, unpowered buildings, or Contaminate may cause inaccurate times.
  • Supply counts are checked every 10 seconds.